← All builds
Suicide front / Cortex / Economy first / OBSERVED BUILD

Standard suicide front

The role's baseline bot lab opening: secure mexes, push out Thugs, Aggravators and Grunts to contest the middle and hold until T2 arrives.

#rush · 353 distinct matches · 76 players · 67% of Cortex Suicide front games · team won 51% of 366 · Recently observed

HOW TO PLAY IT

Key timing: Bot Lab by 0:34

  1. Take 3 mex, then rush a Bot Lab immediately for early army.
  2. Finish Bot Lab, start pumping Thug, Grunt and Aggravator.
  3. Push units to middle to contest and secure reclaim early.
  4. Add Advanced Metal Extractor to keep economy scaling with the fight.
  5. Hold middle with bots until T2 reinforcements arrive from Geo.

Phase by phase

TYPICAL OF ITS 353 GAMES
  1. 1
  2. 2
  3. 3
PLAY THE OPENING

Follow the example game's first 6:00 step by step: what to build now, what comes next, and where it goes. At 1× it keeps pace with your own game.

  1. 1

    Up to the Bot Lab

    Economy
    • Metal Extractor1Mex
    Order
    1. Bot LabBot Lab after 1 mexdone ~0:34, middle half 0:26–0:44

    By 0:17 in all: 1 mex

    The example game in this phase · 3 steps
    1. Mex ×2
    2. Wind
    3. Bot LabBot Labdone 0:41 · typical 0:34
  2. 2

    Bot Lab to 5:00

    Economy
    • Metal Extractor4Mex
    • Wind Turbine3Wind
    Builders
    • Graverobber4 Graverobber
    • Construction Bot3 Con bot
    Army
    • Guard3 Guard
    • Thug14 Thug
    • Grunt3 Grunt
    • Aggravator2 Aggravator
    Other
    • Radar Tower1 Radar Tower

    By 5:00 in all: 5 mex · 3 wind

    The example game in this phase · 34 steps
    1. GraverobberGraverobber
    2. Mex
    3. GruntGrunt ×2
    4. GraverobberGraverobber
    5. GruntGrunt ×5
    6. Construction BotCon bot
    7. Mex
    8. Construction BotCon bot
    9. Mex
    10. ThugThug ×2
    11. GuardGuard
    12. ThugThug
    13. GuardGuard
    14. ThugThug ×2
    15. GuardGuard
    16. GraverobberGraverobber
    17. ThugThug
    18. Wind
    19. ThugThug
    20. GuardGuard
    21. Wind
    22. ThugThug
    23. Wind
    24. GuardGuard
    25. ThugThug
    26. GuardGuard
    27. ThugThug
    28. GraverobberGraverobber
    29. GuardGuard
    30. ThugThug
    31. GuardGuard
    32. ThugThug ×2
    33. GuardGuard
    34. ThugThug ×2
  3. 3

    5:00 to 10:00

    Economy
    • Metal Extractor1Mex
    • Wind Turbine14Wind
    Builders
    • Construction Turret2 Con turret
    • Graverobber2 Graverobber
    • Construction Bot1 Con bot
    Army
    • Guard1 Guard
    • Thug6 Thug
    • Grunt3 Grunt

    Some games also: aggravator (50%) · energy storage (47%) · Radar Tower (44%) · Twin Guard (31%) · converter (30%)

    By 10:00 in all: 6 mex · 18 wind · 1 energy storage · 2 con turret

    The example game in this phase · 85 steps
    1. GuardGuard
    2. GraverobberGraverobber
    3. GuardGuard
    4. ThugThug
    5. GuardGuard
    6. ThugThug
    7. Mex
    8. ThugThug ×3
    9. ThistleThistle
    10. GraverobberGraverobber
    11. Advanced Metal ExtractorT2 mexdone 7:35 · typical 9:42
    12. ThugThug
    13. Wind ×3
    14. ThugThug
    15. Wind ×3
    16. ThugThug ×3
    17. Wind
    18. ThugThug
    19. Advanced Metal ExtractorT2 mex
    20. Wind
    21. ThugThug
    22. MaceMace
    23. Wind
    24. ThugThug
    25. GraverobberGraverobber
    26. ThugThug
    27. Advanced Metal ExtractorT2 mex
    28. ThugThug ×2
    29. Con turret
    30. ThugThug
    31. Construction BotCon bot
    32. Advanced Metal ExtractorT2 mex
    33. GruntGrunt ×7
    34. GraverobberGraverobber
    35. RattlesnakeRattlesnakenot finished by 15:00
    36. GruntGrunt
    37. Wind
    38. GruntGrunt
    39. Wind ×3
    40. GruntGrunt
    41. Wind
    42. GruntGrunt
    43. RattlesnakeRattlesnake
    44. Wind
    45. GruntGrunt
    46. Wind ×2
    47. GruntGrunt
    48. Wind
    49. GruntGrunt
    50. Wind
    51. GraverobberGraverobber
    52. Wind
    53. GruntGrunt
    54. Energy storage
    55. RattlesnakeRattlesnake
    56. GruntGrunt
    57. Con turret
    58. GruntGrunt
    59. Advanced Metal ExtractorT2 mex
    60. GruntGrunt ×3
    61. Wind
    62. GruntGrunt
    63. Wind
    64. GraverobberGraverobber
    65. Wind ×2
    66. GruntGrunt
    67. Wind
    68. Construction BotCon bot
    69. Wind
    70. RattlesnakeRattlesnake
    71. Wind
    72. Construction BotCon bot
    73. Wind ×2
    74. GruntGrunt ×2
    75. Wind
    76. GruntGrunt
    77. Wind
    78. GruntGrunt
    79. Wind
    80. GruntGrunt
    81. Wind
    82. GruntGrunt
    83. GraverobberGraverobber
    84. Wind
    85. GruntGrunt

Counts are medians over the build's games: half of them build more, half fewer. The example game is [Grump]Atlasfailed's (36 OS, 18/09/2026); pick another.

Team trades

IN AT LEAST 30% OF ITS GAMES

You hand over

Nothing regular.

You get

  • Tidal Generator4 Tidal from Pondfirst at 0:10 · in 69% of games
  • Advanced Construction Bot1 T2 con bot from Geo or Techfirst at 7:32 · in 57% of games

How it plays out

Typical game of this build, running totals by minute

Metal produced

010k20k
0:005:0010:0015:00

metal

Enemy metal destroyed

05k10k
0:005:0010:0015:00

metal

Own metal lost

05k10k15k
0:005:0010:0015:00

metal

366 games.

Show as table
ByMetal produced: This buildEnemy metal destroyed: This buildOwn metal lost: This build
1:0027300
2:0095600
3:002058191130
4:003151663628
5:00432816971420
6:00553425652380
7:00676835643465
8:00797145054456
9:00923451865453
10:001045058116293
11:001194662887124
12:001361268158150
13:001530674618924
14:001705482219879
15:0018776887210532
WHAT THE NUMBERS SAY

This is the role's baseline aggressive job, winning half its games while both dealing and taking heavy metal losses fighting at middle.

  • + Fastest Bot Lab of any role (0:34), gets units fighting almost immediately.
  • + Destroys 8805 enemy metal by 15:00 through constant middle pressure.
  • − Loses 10461 own metal by 15:00, more than it destroys.
  • − Metal production lags behind other front role at 18297 by 15:00.
THE EXAMPLE YOU ARE READING

[Grump]Atlasfailed

35.6 OS · 18/09/2026

Open source match ↗

14 received units · includes a constructor
859 metal received · 23190 energy received

Allied construction assistance is unknown. Timings are observations, not a promise of solo reproducibility.

Typical milestones

Bot Lab0:34Middle 50%: 0:26–0:44 · n=362
Advanced Metal Extractor9:42Middle 50%: 8:46–10:57 · n=238

Played most by

_X_59games of this build_Hawkey_34games of this buildGuiTou23games of this buildImmort23games of this buildViltrum22games of this build